 Dungeon Crawl Stone Soup version 0.31.0-32-g396128a36d (webtiles) character file.

Game seed: 5431090414260090200

2 cdecastro the Grasshopper (level 1, -1/17 HPs)
             Began as an Armataur Warper on Mar 19, 2024.
             Slain by a gnoll
             ... wielding a +0 flail
              (5 damage)
             ... on level 1 of the Dungeon.
             The game lasted 00:00:18 (83 turns).

cdecastro the Grasshopper (Armataur Warper)           Turns: 83, Time: 00:00:18

Health: -1/17      AC:  4    Str: 16    XL:     1   Next: 33%
Magic:  3/3        EV:  9    Int: 13    God:
Gold:   0          SH:  0    Dex:  9    Spells: 3/3 levels left

rFire   . . .        a - +0 mace
rCold   . . .        (no shield)
rNeg    . . .        b - +0 leather armour
rPois   .            (no helmet)
rElec   .            (no cloak)
rCorr   .            (no gloves)
SInv    .            (no barding)
Will    .....        (no amulet)
Stlth   +            (no ring)
HPRegen 0.22/turn    (no ring)
MPRegen 1.07/turn

%: roll
@: no status effects
A: large, deformed body, tough skin 3, armoured tail, roll 1
a: no special abilities


You were on level 1 of the Dungeon.
You visited 1 branch of the dungeon, and saw 1 of its levels.

Inventory:

Hand Weapons
 a - a +0 mace (weapon)
Missiles
 d - 7 darts of dispersal (quivered)
Armour
 b - a +0 leather armour (worn)
Scrolls
 c - a scroll of blinking
Potions
 e - a potion of enlightenment {unknown}


   Skills:
 * Level 1.9 Fighting
 - Level 1.7 Maces & Flails
 - Level 0.8 Throwing
 - Level 1.2 Armour
 - Level 1.3 Dodging
 - Level 1.7 Spellcasting
 + Level 3.0 Translocations


You had 3 spell levels left.
You didn't know any spells.
Your spell library contained the following spells:

 Spells                   Type           Power      Damage    Failure   Level
 Blink                    Tloc           18%        N/A       14%         2
 Lesser Beckoning         Tloc           18%        N/A       14%         2
 Teleport Other           Tloc           9%         N/A       26%         3
 Manifold Assault         Tloc           9%         N/A       65%         4
 Vhi's Electric Charge    Tloc/Air       10%        N/A       86%         4


Dungeon Overview and Level Annotations

Branches:
Dungeon (1/15)

Altars:


Innate Abilities, Weirdness & Mutations

Armour fits poorly on your strangely shaped body.
You have extremely tough skin. (AC +3)
You have a long armoured tail.
You regenerate magic when rolling toward enemies. (Rampage MPRegen)


Message History

Press ? for a list of commands and other information.
Found an amethyst potion.
Found a staircase leading out of the dungeon.
Unknown command.
Unknown command.
Unknown command.
e - an amethyst potion
Found a dagger.
A quokka comes into view.
A quokka is nearby!
You roll towards the quokka!
The quokka bites you.
You hit the quokka but do no damage. The quokka closely misses you.
You sock the quokka!
You kill the quokka!
You see here a quokka corpse.
You see here a +0 dagger.
HP restored.
A hobgoblin comes into view.
The hobgoblin shouts!
A hobgoblin is nearby!
A hobgoblin is nearby!
A hobgoblin is nearby!
You hit the hobgoblin. You tail-slap the hobgoblin.
You kill the hobgoblin!
You see here a hobgoblin corpse.
A gnoll comes into view. It is wielding a +0 flail.
The gnoll shouts!
A rat comes into view.
There are monsters nearby!
There are monsters nearby!
You roll towards the gnoll!
You roll towards the gnoll!
You closely miss the gnoll. The gnoll hits you with a +0 flail!
Ouch! That really hurt!
* * * LOW HITPOINT WARNING * * *
The gnoll closely misses you.
You closely miss the gnoll. The gnoll hits you with a +0 flail.
* * * LOW HITPOINT WARNING * * *
You completely miss the gnoll. The gnoll hits you with a +0 flail.
You die...

#..# #.. ... ###..# #.# #.# .
....# #.# #.# .#####..## #.#
###.# #.....#..## #.# ##.#.#
.......#..######.####.#†.#####.#
...<....#...#........###.......#
.......#....#.##g##.#.#..#######
#.....#..##.#.##@##.##.#.#
.#####..###..............# .
...## ###.##.##.##.### #####
#.##.##.##.# #.......##.#
####.#####.# ##.#####.#
########........#
..........####..#


You could see a gnoll.

Vanquished Creatures
  A hobgoblin (D:1)
  A quokka (D:1)
2 creatures vanquished.

Notes
Turn   | Place    | Note
-------+----------+-------------------------------------------
     0 | D:1      | cdecastro the Armataur Warper began the quest for the Orb.
     0 | D:1      | Reached XP level 1. HP: 17/17 MP: 3/3
    83 | D:1      | Slain by a gnoll

Illustrated notes

Levels and vault maps discovered:
D:1:      scummos_arrival_hexagon, layout_loops_ring

Action                     || total
---------------------------++-------
  Melee: Mace              ||     6
         Tailslap          ||     1
 Armour: Leather armour    ||     4
  Dodge: Dodged            ||     2
